RedWings vs BlackHawks

Created - October 11 2009 at 13:33

Simulating a Pre-Season

Goals
1 2 3 T
RedWings 0 0 0 0
BlackHawks 0 0 2 2
Shots
1 2 3 T
RedWings 2 4 10 16
BlackHawks 6 4 14 24

Period #1

No Goal

Penalties :
Todd White (CHI) for Fighting (Major) at 1:54, Ryan Getzlaf (DET) for Fighting (Major) at 1:54, Zach Parise (DET) for High sticking (Minor) at 10:45, Ryan Getzlaf (DET) for Roughing (Minor) at 13:14, Mike Grier (CHI) for Cross-checking (Minor) at 15:18

Period #2

No Goal

Penalties :
Brendan Witt (DET) for Holding (Minor) at 2:23, Brett Clark (CHI) for Hooking (Minor) at 7:42, Todd White (CHI) for Goalie Interference (Minor) at 13:59

Period #3

1. BlackHawks , Todd White 4 (Brett Clark, Paul Kariya) at 4:53
2. BlackHawks , Patrick Kane 3 (Patrick Marleau, Patrick Sharp) at 9:10 (PP)

Penalties :
Paul Martin (DET) for Tripping (Minor) at 7:15, Mike Grier (CHI) for Hooking (Minor) at 9:11, Chris Chelios (DET) for Hooking (Minor) at 17:49

Goalie Stats

Martin Brodeur (DET), 22 saves from 24 shots - (0.917), L, 3-3-0, 60:00 minutes
Dwayne Roloson (CHI), 16 saves from 16 shots - (1.000), W, 4-0-1, 60:00 minutes

Players Stats

RedWings
Player Name              G  A  P  +/- PIM S  H  SB FO    MP 
------------------------------------------------------------
Brendan Witt             0  0  0  -1  2   1  3  1  0/0   21 
Brian Campbell           0  0  0   0  0   2  0  0  0/0   21 
Chris Chelios            0  0  0   0  2   0  2  1  0/0   17 
Colin White              0  0  0   0  0   0  1  1  0/0   9  
David Hale               0  0  0   0  0   0  0  0  0/0   0  
Jamie Langenbrunner      0  0  0   0  0   1  2  0  2/5   12 
Jean-Pierre Dumont       0  0  0   0  0   1  0  0  0/0   17 
Keith Yandle             0  0  0  -1  0   0  0  0  0/0   15 
Marty Reasoner           0  0  0   0  0   1  0  0  10/16 18 
Mike Cammalleri          0  0  0   0  0   3  1  0  0/1   20 
Patrick Davis            0  0  0   0  0   0  1  0  3/4   9  
Paul Martin              0  0  0   0  2   1  0  1  0/0   23 
Pavol Demitra            0  0  0  -1  0   1  1  0  0/1   18 
Ryan Getzlaf             0  0  0   0  7   0  1  0  10/21 20 
Teemu Selanne            0  0  0   0  0   0  0  0  0/0   20 
Travis Zajac             0  0  0  -1  0   1  0  0  5/17  18 
Ville Peltonen           0  0  0   0  0   2  0  0  0/0   14 
Zach Parise              0  0  0  -1  2   2  1  0  0/0   17 
BlackHawks
Player Name              G  A  P  +/- PIM S  H  SB FO    MP 
------------------------------------------------------------
Adam Foote               0  0  0   1  0   1  0  2  0/0   18 
Alexander Steen          0  0  0   0  0   0  0  0  1/1   10 
Andrew Ebbett            0  0  0   0  0   3  0  0  2/8   14 
Brett Clark              0  1  1   1  2   0  0  0  0/0   20 
Darryl Sydor             0  0  0   0  0   1  0  1  0/0   18 
Kim Johnsson             0  0  0   0  0   2  0  2  0/0   22 
Martin Erat              0  0  0   1  0   1  2  0  1/2   18 
Mike Grier               0  0  0   0  4   0  0  0  1/1   12 
P.J. Axelsson            0  0  0   0  0   0  1  0  0/0   5  
Patrick Kane             1  0  1   0  0   3  1  0  1/1   19 
Patrick Marleau          0  1  1   0  0   6  2  0  10/18 21 
Patrick Sharp            0  1  1   0  0   2  0  0  0/1   19 
Paul Kariya              0  1  1   1  0   0  0  0  0/1   20 
Rob Niedermayer          0  0  0   0  0   0  1  0  0/0   9  
Robert Scuderi           0  0  0   0  0   0  1  2  0/0   18 
Sami Salo                0  0  0   0  0   0  1  0  0/0   21 
Samuel Pahlsson          0  0  0   0  0   0  1  0  10/13 8  
Todd White               1  0  1   1  7   5  0  0  9/19  19 

3 Stars

1 - Dwayne Roloson (CHI)
2 - Patrick Kane (CHI)
3 - Patrick Marleau (CHI)

Power Play

RedWings - 0 on 4 Attempt(s) - 0.00%
BlackHawks - 1 on 5 Attempt(s) - 20.00%

Penalty Kill

RedWings - 4 on 5 Attempt(s) - 80.00% - Score 0 goal in Penalty Kill
BlackHawks - 4 on 4 Attempt(s) - 100.00% - Score 0 goal in Penalty Kill

Game Notes

Ryan Getzlaf beats up Todd White at 1:54 of 1st period
Colin White is injured at 2:50 of 2nd period (Sprained Right Knee)

Play by Play

Period #1

0:01 of 1st period - Patrick Marleau wins face-off versus Ryan Getzlaf in neutral zone.
0:18 of 1st period - Shot by Patrick Sharp.
0:18 of 1st period - Shot Misses the Net.
0:20 of 1st period - Shot by Sami Salo.
0:20 of 1st period - Shot Misses the Net.
0:22 of 1st period - Shot by Patrick Marleau.
0:22 of 1st period - Stopped by Martin Brodeur without a rebound.
0:23 of 1st period - Todd White wins face-off versus Travis Zajac in RedWings zone.
0:25 of 1st period - Paul Kariya is hit by Brendan Witt and loses puck.
1:54 of 1st period - Ryan Getzlaf beats up Todd White.
1:54 of 1st period - Penalty to Todd White for Fighting.
1:54 of 1st period - Penalty to Ryan Getzlaf for Fighting.
1:55 of 1st period - Patrick Marleau wins face-off versus Marty Reasoner in BlackHawks zone.
2:05 of 1st period - Sami Salo is hit by Jamie Langenbrunner and loses puck.
4:36 of 1st period - Off-side.
4:37 of 1st period - Samuel Pahlsson wins face-off versus Jamie Langenbrunner in neutral zone.
5:05 of 1st period - Icing by Colin White.
5:06 of 1st period - Martin Erat wins face-off versus Jamie Langenbrunner in RedWings zone.
6:25 of 1st period - Patrick Marleau is hit by Patrick Davis and loses puck.
7:44 of 1st period - Shot by Martin Erat.
7:44 of 1st period - Stopped by Martin Brodeur without a rebound.
7:45 of 1st period - Marty Reasoner wins face-off versus Samuel Pahlsson in RedWings zone.
8:18 of 1st period - Marty Reasoner is hit by P.J. Axelsson and loses puck.
8:59 of 1st period - Off-side.
9:00 of 1st period - Travis Zajac wins face-off versus Todd White in neutral zone.
9:57 of 1st period - Icing by Colin White.
9:58 of 1st period - Ryan Getzlaf wins face-off versus Andrew Ebbett in RedWings zone.
10:16 of 1st period - Shot by Paul Martin.
10:16 of 1st period - Shot Blocked by Darryl Sydor.
10:20 of 1st period - Shot by Mike Cammalleri.
10:20 of 1st period - Stopped by Dwayne Roloson without a rebound.
10:21 of 1st period - Samuel Pahlsson wins face-off versus Pavol Demitra in BlackHawks zone.
10:44 of 1st period - Samuel Pahlsson is hit by Pavol Demitra and loses puck.
10:45 of 1st period - Minor Penalty to Zach Parise for High sticking.
10:46 of 1st period - Patrick Marleau wins face-off versus Marty Reasoner in RedWings zone.
12:52 of 1st period - Shot by Adam Foote.
12:52 of 1st period - Stopped by Martin Brodeur without a rebound.
12:53 of 1st period - Samuel Pahlsson wins face-off versus Ryan Getzlaf in RedWings zone.
12:53 of 1st period - Samuel Pahlsson is hit by Colin White.
13:10 of 1st period - Ryan Getzlaf is hit by Rob Niedermayer and loses puck.
13:14 of 1st period - Minor Penalty to Ryan Getzlaf for Roughing.
13:15 of 1st period - Todd White wins face-off versus Travis Zajac in RedWings zone.
14:08 of 1st period - Shot by Marty Reasoner.
14:08 of 1st period - Deflect By Ville Peltonen.
14:08 of 1st period - Shot Misses the Net.
15:15 of 1st period - Shot by Martin Erat.
15:15 of 1st period - Deflect By Andrew Ebbett.
15:15 of 1st period - Stopped by Martin Brodeur without a rebound.
15:16 of 1st period - Ryan Getzlaf wins face-off versus Andrew Ebbett in RedWings zone.
15:18 of 1st period - Minor Penalty to Mike Grier for Cross-checking.
15:19 of 1st period - Patrick Marleau wins face-off versus Ryan Getzlaf in BlackHawks zone.
17:04 of 1st period - Patrick Sharp is hit by Ryan Getzlaf and loses puck.
17:13 of 1st period - Shot by Ryan Getzlaf.
17:13 of 1st period - Shot Misses the Net.
17:28 of 1st period - Alexander Steen is hit by Chris Chelios and loses puck.
18:01 of 1st period - Shot by Paul Kariya.
18:01 of 1st period - Shot Misses the Net.
18:05 of 1st period - Shot by Todd White.
18:05 of 1st period - Stopped by Martin Brodeur without a rebound.
18:06 of 1st period - Patrick Kane wins face-off versus Ryan Getzlaf in RedWings zone.
18:09 of 1st period - Shot by Patrick Sharp.
18:09 of 1st period - Stopped by Martin Brodeur without a rebound.
18:10 of 1st period - Marty Reasoner wins face-off versus Patrick Marleau in RedWings zone.
18:31 of 1st period - Shot by Jean-Pierre Dumont.
18:31 of 1st period - Stopped by Dwayne Roloson without a rebound.
18:32 of 1st period - Todd White wins face-off versus Ryan Getzlaf in BlackHawks zone.
19:07 of 1st period - Icing by Colin White.
19:08 of 1st period - Samuel Pahlsson wins face-off versus Ryan Getzlaf in RedWings zone.
19:28 of 1st period - Shot by P.J. Axelsson.
19:28 of 1st period - Shot Misses the Net.

Period #2

0:01 of 2nd period - Patrick Marleau wins face-off versus Ryan Getzlaf in neutral zone.
0:08 of 2nd period - Shot by Patrick Sharp.
0:08 of 2nd period - Shot Misses the Net.
1:08 of 2nd period - Off-side.
1:09 of 2nd period - Marty Reasoner wins face-off versus Andrew Ebbett in neutral zone.
1:39 of 2nd period - Icing by Robert Scuderi.
1:40 of 2nd period - Alexander Steen wins face-off versus Travis Zajac in BlackHawks zone.
1:52 of 2nd period - Robert Scuderi is hit by Brendan Witt and loses puck.
2:00 of 2nd period - Icing by Travis Zajac.
2:01 of 2nd period - Todd White wins face-off versus Travis Zajac in RedWings zone.
2:01 of 2nd period - Todd White is hit by Brendan Witt.
2:23 of 2nd period - Minor Penalty to Brendan Witt for Holding.
2:24 of 2nd period - Marty Reasoner wins face-off versus Patrick Marleau in RedWings zone.
2:36 of 2nd period - Icing by Kim Johnsson.
2:37 of 2nd period - Patrick Marleau wins face-off versus Marty Reasoner in BlackHawks zone.
2:48 of 2nd period - Shot by Patrick Kane.
2:48 of 2nd period - Deflect By Patrick Marleau.
2:48 of 2nd period - Shot Hit the Post.
2:50 of 2nd period - Shot by Patrick Sharp.
2:50 of 2nd period - Shot Blocked by Colin White.
2:50 of 2nd period - Colin White from RedWings is injured at 2:50 of 2nd period (Sprained Right Knee).
2:51 of 2nd period - Marty Reasoner wins face-off versus Paul Kariya in RedWings zone.
3:50 of 2nd period - Shot by Kim Johnsson.
3:50 of 2nd period - Stopped by Martin Brodeur without a rebound.
3:51 of 2nd period - Marty Reasoner wins face-off versus Patrick Marleau in RedWings zone.
3:51 of 2nd period - Marty Reasoner is hit by Patrick Marleau.
4:10 of 2nd period - Shot by Kim Johnsson.
4:10 of 2nd period - Shot Misses the Net.
4:12 of 2nd period - Shot by Sami Salo.
4:12 of 2nd period - Deflect By Patrick Sharp.
4:12 of 2nd period - Shot Misses the Net.
4:14 of 2nd period - Shot by Sami Salo.
4:14 of 2nd period - Shot Blocked by Paul Martin.
4:16 of 2nd period - Shot by Sami Salo.
4:16 of 2nd period - Shot Misses the Net.
4:18 of 2nd period - Shot by Patrick Sharp.
4:18 of 2nd period - Stopped by Martin Brodeur without a rebound.
4:19 of 2nd period - Travis Zajac wins face-off versus Martin Erat in RedWings zone.
5:02 of 2nd period - Off-side.
5:03 of 2nd period - Todd White wins face-off versus Marty Reasoner in neutral zone.
5:12 of 2nd period - Todd White is hit by Jamie Langenbrunner and loses puck.
5:30 of 2nd period - Paul Kariya is hit by Chris Chelios.
5:38 of 2nd period - Shot by Martin Erat.
5:38 of 2nd period - Shot Misses the Net.
5:40 of 2nd period - Shot by Todd White.
5:40 of 2nd period - Stopped by Martin Brodeur with a rebound.
7:37 of 2nd period - Shot by Ville Peltonen.
7:37 of 2nd period - Stopped by Dwayne Roloson without a rebound.
7:38 of 2nd period - Patrick Davis wins face-off versus Todd White in BlackHawks zone.
7:42 of 2nd period - Minor Penalty to Brett Clark for Hooking.
7:43 of 2nd period - Samuel Pahlsson wins face-off versus Travis Zajac in BlackHawks zone.
9:12 of 2nd period - Brian Campbell is hit by Samuel Pahlsson and loses puck.
10:03 of 2nd period - Brendan Witt is hit by Martin Erat and loses puck.
10:37 of 2nd period - Icing by Paul Martin.
10:38 of 2nd period - Ryan Getzlaf wins face-off versus Andrew Ebbett in RedWings zone.
11:01 of 2nd period - Shot by Pavol Demitra.
11:01 of 2nd period - Shot Blocked by Robert Scuderi.
11:07 of 2nd period - Shot by Jamie Langenbrunner.
11:07 of 2nd period - Shot Misses the Net.
11:11 of 2nd period - Shot by Jamie Langenbrunner.
11:11 of 2nd period - Deflect By Jean-Pierre Dumont.
11:11 of 2nd period - Shot Misses the Net.
12:46 of 2nd period - Icing by Paul Martin.
12:47 of 2nd period - Ryan Getzlaf wins face-off versus Patrick Marleau in RedWings zone.
13:08 of 2nd period - Shot by Patrick Marleau.
13:08 of 2nd period - Shot Misses the Net.
13:59 of 2nd period - Minor Penalty to Todd White for Goalie Interference.
14:00 of 2nd period - Jamie Langenbrunner wins face-off versus Samuel Pahlsson in BlackHawks zone.
14:12 of 2nd period - Icing by Ville Peltonen.
14:13 of 2nd period - Samuel Pahlsson wins face-off versus Travis Zajac in RedWings zone.
14:20 of 2nd period - Shot by Brian Campbell.
14:20 of 2nd period - Stopped by Dwayne Roloson without a rebound.
14:21 of 2nd period - Samuel Pahlsson wins face-off versus Travis Zajac in BlackHawks zone.
14:21 of 2nd period - Samuel Pahlsson is hit by Mike Cammalleri.
14:39 of 2nd period - Shot by Travis Zajac.
14:39 of 2nd period - Deflect By Mike Cammalleri.
14:39 of 2nd period - Stopped by Dwayne Roloson with a rebound.
14:55 of 2nd period - Shot by Kim Johnsson.
14:55 of 2nd period - Shot Blocked by Brendan Witt.
14:58 of 2nd period - Icing by Keith Yandle.
14:59 of 2nd period - Patrick Marleau wins face-off versus Travis Zajac in RedWings zone.
15:46 of 2nd period - Shot by Brian Campbell.
15:46 of 2nd period - Shot Misses the Net.
15:57 of 2nd period - Icing by Jamie Langenbrunner.
15:58 of 2nd period - Patrick Marleau wins face-off versus Ryan Getzlaf in RedWings zone.
16:09 of 2nd period - Shot by Jean-Pierre Dumont.
16:09 of 2nd period - Shot Misses the Net.
16:18 of 2nd period - Shot by Todd White.
16:18 of 2nd period - Shot Misses the Net.
16:22 of 2nd period - Shot by Martin Erat.
16:22 of 2nd period - Shot Blocked by Chris Chelios.
16:24 of 2nd period - Shot by Paul Kariya.
16:24 of 2nd period - Shot Misses the Net.
16:26 of 2nd period - Shot by Robert Scuderi.
16:26 of 2nd period - Shot Misses the Net.
16:59 of 2nd period - Shot by Patrick Marleau.
16:59 of 2nd period - Shot Misses the Net.
17:03 of 2nd period - Shot by Patrick Kane.
17:03 of 2nd period - Deflect By Patrick Marleau.
17:03 of 2nd period - Stopped by Martin Brodeur without a rebound.
17:04 of 2nd period - Samuel Pahlsson wins face-off versus Ryan Getzlaf in RedWings zone.
19:01 of 2nd period - Shot by Jamie Langenbrunner.
19:01 of 2nd period - Stopped by Dwayne Roloson without a rebound.
19:02 of 2nd period - Patrick Davis wins face-off versus Andrew Ebbett in BlackHawks zone.
19:06 of 2nd period - Ville Peltonen is hit by Robert Scuderi and loses puck.

Period #3

0:01 of 3rd period - Patrick Marleau wins face-off versus Ryan Getzlaf in neutral zone.
0:30 of 3rd period - Shot by Patrick Kane.
0:30 of 3rd period - Shot Misses the Net.
0:32 of 3rd period - Shot by Patrick Marleau.
0:32 of 3rd period - Shot Misses the Net.
1:16 of 3rd period - Shot by Jean-Pierre Dumont.
1:16 of 3rd period - Shot Blocked by Adam Foote.
1:18 of 3rd period - Shot by Marty Reasoner.
1:18 of 3rd period - Stopped by Dwayne Roloson without a rebound.
1:19 of 3rd period - Andrew Ebbett wins face-off versus Travis Zajac in BlackHawks zone.
2:40 of 3rd period - Shot by Todd White.
2:40 of 3rd period - Stopped by Martin Brodeur without a rebound.
2:41 of 3rd period - Marty Reasoner wins face-off versus Patrick Marleau in RedWings zone.
2:43 of 3rd period - Jean-Pierre Dumont is hit by Patrick Marleau and loses puck.
2:48 of 3rd period - Shot by Jamie Langenbrunner.
2:48 of 3rd period - Shot Blocked by Kim Johnsson.
2:53 of 3rd period - Icing by Kim Johnsson.
2:54 of 3rd period - Ryan Getzlaf wins face-off versus Patrick Marleau in BlackHawks zone.
2:54 of 3rd period - Mike Cammalleri is hit by Sami Salo and loses puck.
3:07 of 3rd period - Paul Martin is hit by Patrick Kane and loses puck.
4:15 of 3rd period - Shot by Andrew Ebbett.
4:15 of 3rd period - Stopped by Martin Brodeur with a rebound.
4:17 of 3rd period - Shot by Darryl Sydor.
4:17 of 3rd period - Stopped by Martin Brodeur without a rebound.
4:18 of 3rd period - Travis Zajac wins face-off versus Todd White in RedWings zone.
4:43 of 3rd period - Shot by Todd White.
4:43 of 3rd period - Shot Misses the Net.
4:47 of 3rd period - Shot by Paul Kariya.
4:47 of 3rd period - Shot Misses the Net.
4:49 of 3rd period - Shot by Paul Kariya.
4:49 of 3rd period - Shot Misses the Net.
4:53 of 3rd period - Shot by Todd White.
4:53 of 3rd period - Goal by Todd White - RedWings : 0 - BlackHawks : 1.
4:54 of 3rd period - Samuel Pahlsson wins face-off versus Ryan Getzlaf in neutral zone.
5:53 of 3rd period - Shot by Patrick Kane.
5:53 of 3rd period - Stopped by Martin Brodeur with a rebound.
5:55 of 3rd period - Shot by Kim Johnsson.
5:55 of 3rd period - Stopped by Martin Brodeur without a rebound.
5:56 of 3rd period - Patrick Davis wins face-off versus Todd White in RedWings zone.
6:28 of 3rd period - Shot by Todd White.
6:28 of 3rd period - Stopped by Martin Brodeur with a rebound.
7:14 of 3rd period - Shot by Patrick Kane.
7:14 of 3rd period - Stopped by Martin Brodeur without a rebound.
7:15 of 3rd period - Andrew Ebbett wins face-off versus Mike Cammalleri in RedWings zone.
7:15 of 3rd period - Minor Penalty to Paul Martin for Tripping.
7:16 of 3rd period - Todd White wins face-off versus Marty Reasoner in RedWings zone.
7:46 of 3rd period - Icing by Todd White.
7:47 of 3rd period - Marty Reasoner wins face-off versus Todd White in BlackHawks zone.
7:53 of 3rd period - Icing by Brett Clark.
7:54 of 3rd period - Todd White wins face-off versus Marty Reasoner in BlackHawks zone.
8:09 of 3rd period - Kim Johnsson is hit by Zach Parise and loses puck.
8:32 of 3rd period - Shot by Patrick Kane.
8:32 of 3rd period - Shot Misses the Net.
8:34 of 3rd period - Shot by Kim Johnsson.
8:34 of 3rd period - Shot Misses the Net.
8:38 of 3rd period - Shot by Patrick Marleau.
8:38 of 3rd period - Shot Misses the Net.
8:40 of 3rd period - Shot by Patrick Marleau.
8:40 of 3rd period - Stopped by Martin Brodeur with a rebound.
8:42 of 3rd period - Shot by Kim Johnsson.
8:42 of 3rd period - Shot Misses the Net.
8:44 of 3rd period - Shot by Patrick Marleau.
8:44 of 3rd period - Stopped by Martin Brodeur without a rebound.
8:45 of 3rd period - Ryan Getzlaf wins face-off versus Patrick Sharp in RedWings zone.
9:08 of 3rd period - Shot by Patrick Marleau.
9:08 of 3rd period - Stopped by Martin Brodeur with a rebound.
9:10 of 3rd period - Shot by Patrick Kane.
9:10 of 3rd period - Goal by Patrick Kane - RedWings : 0 - BlackHawks : 2.
9:11 of 3rd period - Ryan Getzlaf wins face-off versus Andrew Ebbett in neutral zone.
9:11 of 3rd period - Minor Penalty to Mike Grier for Hooking.
9:12 of 3rd period - Ryan Getzlaf wins face-off versus Todd White in BlackHawks zone.
9:39 of 3rd period - Shot by Paul Martin.
9:39 of 3rd period - Shot Misses the Net.
9:41 of 3rd period - Shot by Paul Martin.
9:41 of 3rd period - Shot Misses the Net.
9:43 of 3rd period - Shot by Travis Zajac.
9:43 of 3rd period - Shot Blocked by Robert Scuderi.
9:47 of 3rd period - Shot by Ryan Getzlaf.
9:47 of 3rd period - Shot Misses the Net.
10:03 of 3rd period - Shot by Paul Martin.
10:03 of 3rd period - Stopped by Dwayne Roloson without a rebound.
10:04 of 3rd period - Samuel Pahlsson wins face-off versus Travis Zajac in BlackHawks zone.
10:30 of 3rd period - Shot by Travis Zajac.
10:30 of 3rd period - Stopped by Dwayne Roloson with a rebound.
10:52 of 3rd period - Shot by Zach Parise.
10:52 of 3rd period - Shot Blocked by Adam Foote.
10:54 of 3rd period - Shot by Brian Campbell.
10:54 of 3rd period - Stopped by Dwayne Roloson with a rebound.
10:58 of 3rd period - Shot by Zach Parise.
10:58 of 3rd period - Stopped by Dwayne Roloson without a rebound.
10:59 of 3rd period - Jamie Langenbrunner wins face-off versus Samuel Pahlsson in BlackHawks zone.
12:35 of 3rd period - Shot by Mike Cammalleri.
12:35 of 3rd period - Stopped by Dwayne Roloson without a rebound.
12:36 of 3rd period - Todd White wins face-off versus Travis Zajac in BlackHawks zone.
14:06 of 3rd period - Shot by Brendan Witt.
14:06 of 3rd period - Stopped by Dwayne Roloson without a rebound.
14:07 of 3rd period - Marty Reasoner wins face-off versus Patrick Marleau in BlackHawks zone.
14:11 of 3rd period - Icing by Kim Johnsson.
14:12 of 3rd period - Patrick Marleau wins face-off versus Patrick Davis in BlackHawks zone.
14:42 of 3rd period - Shot by Patrick Marleau.
14:42 of 3rd period - Stopped by Martin Brodeur without a rebound.
14:43 of 3rd period - Ryan Getzlaf wins face-off versus Todd White in RedWings zone.
14:43 of 3rd period - Ryan Getzlaf is hit by Martin Erat.
14:46 of 3rd period - Icing by Keith Yandle.
14:47 of 3rd period - Ryan Getzlaf wins face-off versus Todd White in RedWings zone.
15:12 of 3rd period - Shot by Ryan Getzlaf.
15:12 of 3rd period - Shot Misses the Net.
15:33 of 3rd period - Icing by Brian Campbell.
15:34 of 3rd period - Travis Zajac wins face-off versus Patrick Marleau in RedWings zone.
16:54 of 3rd period - Shot by Zach Parise.
16:54 of 3rd period - Shot Misses the Net.
16:56 of 3rd period - Shot by Chris Chelios.
16:56 of 3rd period - Shot Blocked by Kim Johnsson.
17:00 of 3rd period - Shot by Pavol Demitra.
17:00 of 3rd period - Stopped by Dwayne Roloson with a rebound.
17:04 of 3rd period - Shot by Zach Parise.
17:04 of 3rd period - Stopped by Dwayne Roloson without a rebound.
17:05 of 3rd period - Mike Grier wins face-off versus Jamie Langenbrunner in BlackHawks zone.
17:40 of 3rd period - Shot by Alexander Steen.
17:40 of 3rd period - Shot Misses the Net.
17:42 of 3rd period - Shot by Andrew Ebbett.
17:42 of 3rd period - Stopped by Martin Brodeur without a rebound.
17:43 of 3rd period - Todd White wins face-off versus Travis Zajac in RedWings zone.
17:49 of 3rd period - Minor Penalty to Chris Chelios for Hooking.
17:50 of 3rd period - Marty Reasoner wins face-off versus Todd White in RedWings zone.
18:07 of 3rd period - Shot by Paul Martin.
18:07 of 3rd period - Shot Misses the Net.
18:15 of 3rd period - Shot by Ville Peltonen.
18:15 of 3rd period - Stopped by Dwayne Roloson without a rebound.
18:16 of 3rd period - Travis Zajac wins face-off versus Todd White in BlackHawks zone.
18:31 of 3rd period - Shot by Todd White.
18:31 of 3rd period - Shot Misses the Net.
18:33 of 3rd period - Shot by Brett Clark.
18:33 of 3rd period - Shot Misses the Net.
19:08 of 3rd period - Shot by Patrick Sharp.
19:08 of 3rd period - Shot Misses the Net.


Output by the SimonT Hockey Simulator (STHS) for Stephane Roy -- Original Page W3C XHTML 1.0 Valid